Map: 나이트쉐이드 - 래더

Players

Patience

  • Race: Protoss Protoss
  • Spawn Location: 11:00

INnoVation - Winner!

  • Race: Terran Terran
  • Spawn Location: 5:00

Event: IEM Katowice 2020

VOD

Have the link to the VOD?

Description

Time

  • Played on: Feb. 28, 2020, 5:27 a.m.
  • Length: 20:10

All games in this series

Show
View Real Time Build Order
Export as new Build Order

Patience Protoss 

Build Orders: 1 Gate Expand, Oracle Opening, Phoenix Opening, Zealot Archon, Dark Templar Rush 

Get SALT Encoding   

  12  0:01  Probe  
  13  0:13  Probe  
  14  0:17  Pylon  
  14  0:25  Probe (Chrono Boost)  
  16  0:36  Gateway  
  16  0:37  Probe (Chrono Boost)  
  16  0:42  Probe (Chrono Boost)  
  16  0:45  Assimilator  
  17  0:51  Probe  
  18  1:03  Probe  
  19  1:15  Probe  
  20  1:22  Nexus  
  20  1:32  Cybernetics Core  
  20  1:35  Probe  
  21  1:41  Assimilator  
  21  1:47  Probe  
  21  1:51  Pylon  
  22  1:59  Probe  
  23  2:07  Adept (Chrono Boost)  
  23  2:12  Probe  
  26  2:16  Stargate  
  26  2:22  Warp Gate  
  26  2:24  Probe  
  27  2:30  Adept  
  27  2:33  Pylon  
  27  2:35  Probe  
  30  2:39  Probe  
  31  2:47  Probe (Chrono Boost)  
  33  2:51  Probe (Chrono Boost)  
  33  3:00  Probe (Chrono Boost), Oracle (Chrono Boost)  
  33  3:03  Probe (Chrono Boost)  
  38  3:07  Probe (Chrono Boost)  
  38  3:11  Probe  
  38  3:12  Twilight Council  
  39  3:15  Probe  
  41  3:23  Probe  
  42  3:27  Probe  
  45  3:35  Probe  
  46  3:43  Probe  
  46  3:45  Gateway  
  46  3:46  Gateway  
  45  3:48  Dark Shrine  
  45  3:50  Probe  
  46  3:55  Assimilator  
  46  3:57  Probe  
  46  3:58  Pylon  
  46  3:59  Phoenix (Chrono Boost)  
  46  4:01  Assimilator  
  46  4:02  Probe  
  50  4:10  Adept  
  50  4:11  Probe  
  50  4:14  Probe  
  50  4:15  Pylon  
  54  4:23  Probe  
  55  4:24  Oracle (Chrono Boost)  
  55  4:26  Probe  
  58  4:35  Probe  
  59  4:39  Probe  
  59  4:41  Nexus  
  60  4:50  Adept x3  
  65  4:53  Phoenix (Chrono Boost)  
  65  4:58  Shield Battery  
  67  5:03  Pylon  
  67  5:10  Dark Templar  
  69  5:16  Dark Templar  
  69  5:19  Pylon  
  69  5:20  Pylon  
  70  5:21  Robotics Facility  
  70  5:29  Probe x2  
  72  5:41  Nexus  
  72  5:42  Pylon  
  72  5:43  Dark Templar x2  
  72  5:45  Probe x2  
  76  5:55  Charge (Chrono Boost)  
  74  5:57  Probe x2  
  76  6:08  Warp Prism (Chrono Boost)  
  76  6:09  Probe  
  76  6:10  Probe  
  78  6:15  Gateway  
  78  6:16  Gateway  
  78  6:19  Gateway  
  78  6:21  Probe  
  78  6:22  Probe  
  78  6:23  Gateway  
  79  6:33  Probe  
  79  6:34  Probe  
  79  6:35  Stalker  
  79  6:46  Probe x2  
  81  6:49  Dark Templar  
  81  6:52  Dark Templar  
  85  6:55  Probe  
  85  6:58  Probe x2  
  85  7:00  Forge  
  88  7:15  Immortal (Chrono Boost), Archon  
  86  7:17  Sentry x2  
  86  7:22  Probe x3  
  97  7:23  Robotics Bay  
  97  7:25  Pylon  
  97  7:28  Pylon  
  97  7:30  Protoss Ground Weapons Level 1 (Chrono Boost)  
  97  7:36  Probe  
  97  7:37  Probe x2  
  100  7:38  Assimilator  
  100  7:39  Dark Templar  
  100  7:40  Assimilator, Dark Templar  
  104  7:45  Immortal (Chrono Boost)  
  104  7:46  Archon  
  108  7:59  Pylon  
  108  8:00  Zealot x4  
  108  8:04  Pylon  
  116  8:05  Probe  
  116  8:06  Probe x2  
  119  8:13  Pylon  
  118  8:20  Stalker x3  
  118  8:21  Stalker  
  118  8:26  Probe x2  
  118  8:27  Colossus (Chrono Boost)  
  133  8:36  Extended Thermal Lance  
  133  8:46  Zealot x5  
  143  8:52  Dark Templar x2  
  147  8:57  Archon  
  129  9:10  Colossus (Chrono Boost)  
  129  9:13  Zealot x5  
  123  9:34  Dark Templar x3  
  123  9:35  Zealot x3  
  115  9:45  Archon  
  103  9:49  Colossus (Chrono Boost)  
  107  9:55  Protoss Ground Weapons Level 2 (Chrono Boost), Blink  
  107  9:57  Sentry  
  109  10:01  Probe x3  
  109  10:05  Stalker x3  
  118  10:22  Nexus  
  118  10:23  Pylon  
  118  10:25  Photon Cannon  
  118  10:27  Photon Cannon  
  118  10:31  Probe, Observer (Chrono Boost)  
  118  10:35  Probe x2  
  122  10:37  Dark Templar x2  
  120  10:51  Sentry  
  120  10:52  Sentry  
  120  10:56  Templar Archives, Forge  
  124  10:58  Disruptor (Chrono Boost)  
  124  11:02  Probe x2  
  129  11:07  Gateway  
  129  11:12  Gateway  
  129  11:13  Zealot x3  
  129  11:14  Gateway  
  129  11:17  Zealot  
  129  11:18  Zealot  
  139  11:24  Zealot x2  
  143  11:27  Disruptor (Chrono Boost)  
  143  11:32  Protoss Ground Armor Level 1  
  146  11:33  Robotics Facility  
  146  11:38  Assimilator  
  142  11:40  Assimilator  
  142  11:44  Dark Templar x2  
  142  11:45  Zealot  
  144  11:50  Dark Templar  
  144  11:54  Pylon  
  146  11:55  Disruptor (Chrono Boost)  
  149  12:02  Archon  
  149  12:03  Dark Templar  
  151  12:11  Probe x3, Archon  
  151  12:13  Nexus  
  151  12:15  Pylon  
  154  12:23  Probe x2  
  156  12:35  Zealot x10  
  176  12:42  Disruptor (Chrono Boost)  
  176  12:43  Disruptor (Chrono Boost)  
  151  13:13  Stalker x7  
  151  13:14  Stalker x2  
  157  13:24  Disruptor (Chrono Boost)  
  157  13:25  Pylon, Disruptor (Chrono Boost)  
  157  13:26  Pylon  
  148  13:28  Pylon  
  148  13:29  Pylon  
  101  13:46  Protoss Shields Level 1  
  101  13:48  Probe x4  
  104  13:54  Disruptor (Chrono Boost)  
  104  13:55  Stalker, Disruptor (Chrono Boost)  
  111  13:56  Stalker x4  
  121  14:11  Nexus  
  111  14:17  Stalker x2  
  111  14:18  Stalker x3  
  125  14:25  Observer (Chrono Boost)  
  125  14:27  Disruptor (Chrono Boost)  
  121  14:44  Colossus (Chrono Boost)  
  121  14:51  Colossus (Chrono Boost)  
  121  14:52  Twilight Council  
  133  14:59  Probe x3  
  134  15:09  Stalker x2  
  134  15:10  Stalker x6  
  150  15:16  Zealot  
  152  15:26  Observer  
  146  15:29  Colossus (Chrono Boost)  
  146  15:35  Colossus (Chrono Boost)  
  144  15:41  Stalker x5  
  152  15:53  Stalker x3  
  158  15:58  Zealot  
  158  15:59  Zealot  
  136  16:13  Zealot x5  
  136  16:17  Zealot x3  
  137  16:23  Stalker x2  
  131  16:30  Colossus (Chrono Boost)  
  131  16:31  Colossus (Chrono Boost)  
  137  16:38  Zealot x2  
  147  16:46  Sentry  
  147  16:47  High Templar x2  
  151  16:51  Photon Cannon  
  151  16:52  Probe x5  
  151  17:02  Archon  
  151  17:03  Zealot x5  
  151  17:04  Probe  
  156  17:21  Stalker x5  
  166  17:27  Zealot x3  
  166  17:28  Zealot  
  154  17:53  Warp Prism (Chrono Boost)  
  154  17:54  Disruptor (Chrono Boost)  
  154  17:57  Observer  
  159  18:03  Stalker x4  
  159  18:04  Stalker x4  
  172  18:34  Disruptor x2 (Chrono Boost)  
  162  18:57  Stalker x6  
  162  18:59  Zealot x4  
  182  19:11  Nexus  
  182  19:16  Disruptor  
  185  19:19  Zealot x3  
  191  19:24  Pylon  
  183  19:50  Zealot x8  
  138  20:03  Zealot x2  
Show
View Real Time Build Order
Export as new Build Order

INnoVation Terran - Winner!

Build Orders: Cyclone Opening, Reaper Expand 

Get SALT Encoding   

  12  0:00  SCV  
  13  0:12  SCV  
  14  0:16  Supply Depot  
  14  0:24  SCV  
  15  0:38  SCV  
  15  0:39  Barracks  
  15  0:42  Refinery  
  16  0:50  SCV  
  17  1:02  SCV  
  18  1:14  SCV  
  19  1:27  Reaper, Orbital Command  
  20  1:40  Command Center  
  20  1:53  SCV  
  21  1:54  Supply Depot  
  21  1:58  Marine  
  22  2:05  SCV  
  23  2:08  Factory  
  23  2:14  Refinery  
  23  2:17  SCV  
  23  2:19  Barracks Reactor  
  25  2:30  SCV, Bunker  
  25  2:42  SCV  
  26  2:52  Orbital Command, Widow Mine  
  26  2:54  SCV  
  26  2:55  Starport  
  26  2:58  Marine  
  29  3:01  Marine  
  31  3:06  SCV  
  32  3:13  Factory Tech Lab  
  32  3:18  SCV x2  
  32  3:19  Marine x2  
  36  3:31  Viking  
  36  3:32  SCV x2  
  36  3:33  Supply Depot  
  40  3:38  Cyclone  
  40  3:40  Marine x2  
  44  3:44  SCV  
  44  3:46  SCV  
  46  3:49  Supply Depot  
  46  3:56  SCV  
  46  3:58  SCV, Marine x2  
  46  4:00  Supply Depot  
  50  4:05  Medivac  
  52  4:10  SCV  
  52  4:11  Cyclone  
  52  4:12  SCV  
  52  4:16  Marine x2  
  59  4:21  Supply Depot  
  59  4:24  SCV x2  
  61  4:34  Marine x2  
  61  4:36  SCV x2  
  65  4:43  Cyclone  
  68  4:46  Command Center  
  68  4:48  Supply Depot  
  68  4:50  SCV  
  68  4:51  SCV  
  70  4:54  Marine x2  
  72  5:04  SCV x2, Barracks  
  74  5:11  Marine  
  74  5:12  Marine, Barracks  
  76  5:15  Supply Depot, Refinery  
  76  5:16  Refinery  
  76  5:19  Siege Tank  
  79  5:23  SCV x2  
  80  5:30  Engineering Bay  
  80  5:33  Engineering Bay, Marine x2  
  82  5:36  SCV x2  
  82  5:40  Starport Tech Lab  
  81  5:48  SCV x2  
  80  5:56  Missile Turret  
  79  6:00  Orbital Command  
  79  6:01  SCV x2  
  79  6:02  Raven  
  83  6:10  Terran Infantry Weapons Level 1, Terran Infantry Armor Level 1  
  81  6:13  SCV x2, Marine  
  84  6:22  Supply Depot  
  84  6:28  Barracks  
  84  6:29  SCV x2  
  84  6:32  Factory Reactor  
  86  6:38  Marine x2  
  88  6:40  Stimpack  
  88  6:42  SCV x2  
  88  6:45  SCV, Barracks  
  89  6:53  Starport Reactor, Orbital Command  
  89  6:54  Combat Shield  
  89  6:55  Marauder x2  
  89  6:58  Marine x2  
  95  7:01  SCV  
  95  7:02  SCV  
  95  7:07  Supply Depot  
  97  7:12  Widow Mine x2  
  100  7:17  Marauder x2  
  100  7:18  Barracks Tech Lab  
  100  7:22  Supply Depot  
  104  7:23  Supply Depot  
  104  7:24  Marine  
  104  7:25  Marine  
  104  7:28  SCV x2, Orbital Command  
  108  7:33  Medivac x2, Widow Mine x2  
  108  7:35  Barracks Reactor  
  110  7:41  Marauder  
  110  7:42  Marauder x2  
  116  7:45  Armory  
  116  7:48  Concussive Shells  
  116  7:56  Widow Mine x2  
  120  7:59  Orbital Command  
  120  8:02  Marine x2  
  120  8:03  Marauder x3  
  127  8:18  Missile Turret, Widow Mine x2  
  131  8:21  Medivac x2  
  131  8:23  SCV x2  
  131  8:24  Marauder x2  
  131  8:26  Supply Depot  
  131  8:27  Supply Depot  
  141  8:42  Supply Depot x2  
  141  8:45  Refinery x2  
  141  8:46  Marine  
  141  8:47  SCV, Marine x2  
  141  8:48  SCV x2  
  145  8:52  Missile Turret  
  145  8:53  Supply Depot  
  145  8:55  Supply Depot  
  145  8:59  Terran Infantry Armor Level 2  
  145  9:06  Terran Infantry Weapons Level 2  
  130  9:11  Marauder x3  
  130  9:14  Marine x3  
  139  9:17  Widow Mine  
  139  9:18  Widow Mine  
  143  9:26  SCV x3  
  138  9:33  Marauder x3  
  138  9:37  Marine x3  
  127  9:44  Widow Mine x2  
  112  10:02  Starport  
  112  10:05  Terran Ship Weapons Level 1  
  112  10:06  Viking x2, Ghost Academy  
  113  10:12  Marauder x3, Marine x4  
  114  10:29  Command Center  
  114  10:35  Ghost x3  
  118  10:36  Marine x4  
  118  10:38  Enhanced Shockwaves  
  124  10:43  Viking  
  124  10:46  Viking  
  124  10:54  Viking x2  
  128  11:02  Marine x3  
  128  11:03  Marine  
  132  11:04  Ghost x2  
  132  11:08  Marauder  
  138  11:11  SCV  
  138  11:12  SCV x2  
  141  11:18  Viking  
  141  11:20  Viking  
  144  11:25  Viking  
  144  11:27  Viking  
  147  11:33  Marauder  
  147  11:34  Marauder  
  147  11:35  Marauder  
  150  11:49  Marine x4  
  154  11:54  Terran Infantry Weapons Level 3  
  154  11:55  Marauder  
  154  11:57  Missile Turret  
  160  12:01  Marauder x2  
  160  12:05  SCV  
  160  12:06  Marine x2  
  160  12:07  Marine x2  
  165  12:13  Planetary Fortress  
  165  12:16  Marauder  
  165  12:20  Terran Infantry Armor Level 3  
  167  12:26  Marauder x2  
  170  12:34  Marine  
  170  12:35  Marine x3  
  174  12:38  Terran Ship Weapons Level 2  
  163  12:47  Factory Reactor  
  163  12:49  Marauder x2  
  163  12:50  Marauder  
  163  12:51  Barracks x2  
  167  12:52  Barracks  
  167  12:56  Marine x4  
  171  12:59  Liberator  
  158  13:14  Marauder x3  
  158  13:15  Marine x3  
  158  13:19  SCV x4  
  152  13:31  SCV x4  
  120  13:43  SCV x3  
  120  13:44  Medivac x2  
  120  13:46  Ghost x2  
  120  13:47  Marauder, Marine  
  120  13:48  Barracks Reactor, Barracks Tech Lab  
  132  13:49  Barracks Tech Lab  
  132  13:51  SCV  
  132  13:55  SCV x2  
  131  13:59  Viking  
  131  14:02  Marine x2  
  133  14:03  Marine  
  133  14:05  Marine  
  133  14:08  Marauder  
  133  14:09  Marauder x2  
  143  14:15  Marauder x2  
  122  14:21  Marine x3  
  122  14:23  Medivac x2  
  129  14:30  Marauder x2  
  129  14:31  Marauder  
  133  14:37  Marauder x2  
  130  14:38  Marine  
  130  14:39  Marine x5  
  134  14:51  SCV x2, Marauder  
  134  14:52  SCV, Marauder  
  141  14:57  Medivac x3, Marauder  
  141  14:58  Marauder  
  141  14:59  Marauder, Marine  
  148  15:00  Marine  
  148  15:06  Marine  
  148  15:07  Marine x2  
  148  15:11  SCV x2  
  152  15:14  Marauder, Marine  
  152  15:15  Marauder  
  152  15:17  Marine  
  152  15:20  Orbital Command  
  158  15:23  Marauder x3  
  156  15:36  Marauder  
  156  15:38  Marauder  
  156  15:41  Marine x4  
  156  15:42  Marine  
  165  15:44  Marauder x3  
  165  15:46  Missile Turret  
  165  15:48  SCV x2  
  171  15:51  Medivac  
  171  15:52  Medivac  
  171  15:55  Marine  
  176  15:57  Marauder  
  176  15:59  Marauder  
  180  16:07  Marine x2  
  180  16:08  Marauder  
  180  16:10  Marauder x2  
  153  16:17  Marine  
  153  16:18  Marine  
  149  16:19  Marauder  
  149  16:25  Marauder  
  148  16:27  Marine x2  
  148  16:28  Marine x2  
  148  16:30  Marauder, Liberator x2  
  148  16:31  SCV, Marauder  
  148  16:32  SCV x3, Marauder  
  166  16:33  Refinery  
  166  16:35  Refinery, Marine  
  166  16:38  Marine  
  168  16:40  Marauder  
  168  16:42  Refinery  
  168  16:43  SCV, Refinery  
  168  16:45  Marine x4  
  168  16:46  Supply Depot, Marauder  
  178  16:51  Marauder  
  178  16:53  Marine  
  180  16:58  Viking x2  
  180  16:59  Marauder x2  
  165  17:01  Marauder  
  165  17:08  Marauder  
  169  17:09  Refinery  
  169  17:10  Refinery, Marine x3  
  169  17:11  SCV x2, Marine x2  
  169  17:12  Marauder  
  177  17:20  Viking x2, Marauder, Orbital Command  
  177  17:21  Marauder  
  183  17:24  Bunker, Marine  
  183  17:25  Marauder  
  183  17:28  Marine x2  
  188  17:37  SCV x2  
  188  17:38  Viking, SCV, Marauder  
  188  17:39  Viking  
  188  17:42  Marauder  
  188  17:43  Marauder  
  175  17:44  Marauder  
  175  17:50  SCV, Marine x3  
  175  17:51  Marine x2  
  181  17:57  Ghost  
  183  18:01  Ghost  
  183  18:03  Marine x2  
  183  18:04  Marine  
  188  18:09  Supply Depot, Marine  
  188  18:12  Supply Depot  
  188  18:21  Viking  
  188  18:23  Supply Depot  
  188  18:25  Supply Depot  
  188  18:26  Viking  
  188  18:27  Viking  
  188  18:32  Ghost x2  
  188  18:34  Marauder x2, Marine x4  
  193  18:35  Marine x2  
  197  18:52  Viking x2  
  197  18:53  Marauder, Marine x4  
  197  18:54  Marine x2  
  197  18:55  Marauder  
  200  18:56  Marauder  
  200  19:05  Missile Turret  
  197  19:12  Ghost, Marauder  
  197  19:13  Ghost  
  197  19:16  Ghost  
  192  19:17  Ghost, Marine  
  192  19:18  SCV, Marine x2  
  192  19:19  SCV x2  
  192  19:23  Marine x3  
  196  19:33  Marine  
  196  19:35  Marine x2  
  196  19:36  Marine  
  194  19:40  Marine x2  
  194  19:41  Marauder, Marine  
  195  19:45  Marauder  

Tags
 
Add a new tag
Caveats
  • Supply blocks, unpowered buildings, or Contaminate may cause inaccurate times.
  • Supply counts are checked every 10 seconds.